WCHLSIM.com - West Coast Hockey League
html PUBLIC "-//W3C//DTD XHTML 1.0 Transitional//EN" "http://www.w3.org/TR/xhtml1/DTD/xhtml1-transitional.dtd"> WCHL - Game 27 - ANCHORAGE ACES vs SAN DIEGO THUNDER

ANCHORAGE ACES vs SAN DIEGO THUNDER

Created - 15 octobre 2022 at 23:01

Goals
1 2 3 T
ANCHORAGE ACES 2 1 0 3
SAN DIEGO THUNDER 1 0 1 2
Shots
1 2 3 T
ANCHORAGE ACES 13 4 12 29
SAN DIEGO THUNDER 8 2 7 17

1st period

1. ANCHORAGE ACES , Nathan MacKinnon 2 (Connor McDavid 1, Ryan Pulock 1) at 11:43
2. ANCHORAGE ACES , Jonathan Audy-Marchessault 2 (Joshua Norris 2, Chris Kreider 1) at 15:41
3. SAN DIEGO THUNDER , Ryan Hartman 1 (Connor Murphy 1) at 19:52

Penalties :
Connor Murphy (SDG) for Hooking (Minor) at 8:45

2nd period

4. ANCHORAGE ACES , Chris Kreider 1 (Joshua Norris 3, Jonathan Audy-Marchessault 2) at 5:34

Penalties :
Chris Kreider (ANC) for High sticking (Double Minor) at 1:13, Tyler Motte (SDG) for Hooking (Minor) at 5:43, Radko Gudas (SDG) for Holding (Minor) at 9:09, Erik Cernak (SDG) for Slashing (Minor) at 9:27, Jordie Benn (ANC) for High sticking (Minor) at 11:35, Robert Bortuzzo (ANC) for Holding (Minor) at 16:55

3rd period

5. SAN DIEGO THUNDER , Evander Kane 1 (Charles McAvoy 1, Drake Batherson 1) at 8:10 (PP)

Penalties :
David Perron (SDG) for Roughing (Minor) at 0:46, Dominik Simon (ANC) for Tripping (Minor) at 6:41, Tyler Motte (SDG) for Roughing (Minor) at 8:44, Charles McAvoy (SDG) for Interference (Minor) at 16:33

Goalie Stats

Darcy Kuemper (ANC), 15 saves from 17 shots - (0,882), W, 2-1-0, 60:00 minutes
Thomas Greiss (SDG), 15 saves from 15 shots - (1,000), 33:19 minutes
Connor Hellebuyck (SDG), 11 saves from 14 shots - (0,786), L, 0-2-0, 25:34 minutes

Players Stats for ANCHORAGE ACES

Player Name              G  A  P  +/- PIM S  H  SB GA TA FO     MP     PP MP  PK MP  
------------------------------------------------------------------------------------
Andrew Ladd              0  0  0   0  0   1  0  0  0  0  0/1     5:44   0:00   0:00 
Ben Chiarot              0  0  0   0  0   1  3  0  0  0  0/0    25:53   5:35   4:27 
Casey Cizikas            0  0  0   0  0   0  0  0  0  0  5/8     5:44   0:00   0:00 
Chris Kreider            1  1  2   2  4   5  0  1  0  0  0/0    17:07   5:13   0:00 
Connor McDavid           0  1  1   0  0   4  0  0  0  0  11/26  20:15   5:13   0:25 
Conor Sheary             0  0  0   0  0   1  1  0  0  0  0/0     7:05   0:00   0:00 
Dominik Simon            0  0  0   0  2   0  2  0  0  0  0/0    10:03   0:00   4:20 
Erik Haula               0  0  0   0  0   0  1  0  0  0  1/2    16:51   0:00   3:13 
Jakob Chychrun           0  0  0   1  0   0  3  0  0  0  0/0    22:05   6:37   4:59 
Jonathan Audy-Marchessau 1  1  2   2  0   3  1  0  0  0  0/0    18:49   6:59   0:54 
Jordie Benn              0  0  0   1  2   1  1  1  0  0  0/0    12:09   0:00   0:08 
Joshua Norris            0  2  2   2  0   1  1  0  0  0  15/25  17:55   6:59   0:00 
Nathan MacKinnon         1  0  1   0  0   3  0  0  0  0  2/5    19:50   5:13   0:00 
Nikolaj Ehlers           0  0  0   0  0   5  0  1  0  0  0/0    18:16   6:59   4:12 
Phillip Danault          0  0  0   0  0   1  0  0  0  0  9/17   12:53   0:00   5:48 
Robert Bortuzzo          0  0  0   1  2   0  0  0  0  0  0/0    12:01   0:00   0:00 
Ryan Pulock              0  1  1   1  0   1  0  1  0  0  0/0    20:55   5:35   4:51 
Seth Jones               0  0  0   0  0   2  4  0  0  0  0/0    26:55   6:37   4:27 

Players Stats for SAN DIEGO THUNDER

Player Name              G  A  P  +/- PIM S  H  SB GA TA FO     MP     PP MP  PK MP  
------------------------------------------------------------------------------------
Alexandre Carrier        0  0  0  -2  0   0  4  1  0  0  0/0    20:37   4:22   2:35 
Aliaksei Protas          0  0  0  -1  0   0  0  0  0  0  4/6     4:34   0:59   0:00 
Blake Coleman            0  0  0   0  0   0  0  1  0  0  4/26   18:03   0:00   7:08 
Brandon Saad             0  0  0   0  0   0  0  0  0  0  0/0    20:09   3:06   6:17 
Charles McAvoy           0  1  1  -3  2   0  3  3  0  0  0/0    23:54   3:18   5:36 
Connor Murphy            0  1  1   1  2   0  0  1  0  0  0/0    24:06   4:28   5:42 
David Perron             0  0  0   0  2   2  2  0  0  0  0/1    16:55   5:26   0:00 
Derek Forbort            0  0  0   0  0   0  0  0  0  0  0/0    10:32   0:00   0:18 
Drake Batherson          0  1  1  -1  0   2  1  0  0  0  2/2    16:22   4:00   0:00 
Erik Cernak              0  0  0   0  2   1  3  0  0  0  0/0    20:23   1:46   5:08 
Evander Kane             1  0  1  -1  0   4  0  0  0  0  0/2    16:22   4:00   0:00 
Isac Lundestrom          0  0  0  -1  0   0  0  0  0  0  0/0     3:35   0:00   0:00 
Karson Kuhlman           0  0  0  -1  0   0  0  0  0  0  0/1     4:29   0:54   0:00 
Logan Couture            0  0  0   0  0   2  0  0  0  0  12/14  11:30   0:00   0:00 
Mark Scheifele           0  0  0  -1  0   4  1  0  0  0  18/28  19:52   4:27   1:55 
Radko Gudas              0  0  0   0  2   1  2  0  0  0  0/0    20:24   4:58   5:04 
Ryan Hartman             1  0  1   0  0   1  1  0  0  0  1/2    20:11   5:26   4:14 
Tyler Motte              0  0  0   0  4   0  2  0  0  0  0/2    14:02   0:00   3:09 

3 Stars

1 - Jonathan Audy-Marchessault (ANC)
2 - Joshua Norris (ANC)
3 - Chris Kreider (ANC)

Power Play

ANCHORAGE ACES - 0 on 7 Attempt(s) - 0,00%
SAN DIEGO THUNDER - 1 on 5 Attempt(s) - 20,00%

Penalty Kill

ANCHORAGE ACES - 4 on 5 Attempt(s) - 80,00% - Score 0 goal in Penalty Kill
SAN DIEGO THUNDER - 7 on 7 Attempt(s) - 100,00% - Score 0 goal in Penalty Kill

Team Stat

ANCHORAGE ACES - Hits : 17 - Faceoff Wins : 43 - Blocked Shots : 4 - Penalty Minutes : 10
SAN DIEGO THUNDER - Hits : 19 - Faceoff Wins : 41 - Blocked Shots : 6 - Penalty Minutes : 14

Official

Referees : Mitch Dunning and Jean Hebert
Linesman : Bevan Mills and Justin Cornell

Game Notes

Thomas Greiss enters game at 5:34 of 2nd period

Finance

Level 1 -- Attendance: 4948 (78,92%) -- Ticket Income 865 900 $
Level 2 -- Attendance: 4491 (84,42%) -- Ticket Income 538 920 $
Level 3 -- Attendance: 1863 (89,14%) -- Ticket Income 186 300 $
Level 4 -- Attendance: 4069 (94,19%) -- Ticket Income 284 830 $
Luxury Box -- Attendance: 871 (87,10%) -- Ticket Income 261 300 $
Total Attendance: 16242 (85,48%)
Total Ticket Income: 2 137 250 $
Other Expense: 21 372 $
Total Income: 2 115 878 $

ANCHORAGE ACES

5 vs 5 Forward 
   Center                   Left Wing                Right Wing               Time % Phy DF OF 
 1 Connor McDavid           Erik Haula               Nathan MacKinnon         36     0   1  4  
 2 Joshua Norris            Chris Kreider            Jonathan Audy-Marchessaul31     0   2  3  
 3 Phillip Danault          Nikolaj Ehlers           Conor Sheary             23     0   2  3  
 4 Casey Cizikas            Andrew Ladd              Dominik Simon            10     1   2  2  

5 vs 5 Defense 
   Defense                  Defense                                           Time % Phy DF OF 
 1 Seth Jones               Ben Chiarot                                       36     1   2  2  
 2 Ryan Pulock              Jakob Chychrun                                    31     1   2  2  
 3 Robert Bortuzzo          Jordie Benn                                       23     1   2  2  
 4 Seth Jones               Ben Chiarot                                       10     1   2  2  

PowerPlay Forward 
   Center                   Left Wing                Right Wing               Time % Phy DF OF 
 1 Connor McDavid           Chris Kreider            Nathan MacKinnon         55     1   2  2  
 2 Joshua Norris            Nikolaj Ehlers           Jonathan Audy-Marchessaul45     1   2  2  

PowerPlay Defense
   Defense                  Defense                                           Time % Phy DF OF 
 1 Seth Jones               Jakob Chychrun                                    55     1   2  2  
 2 Ryan Pulock              Ben Chiarot                                       45     1   2  2  

Penalty Kill 4 Players Forward 
   Center                   Wing                     Time % Phy DF OF 
 1 Phillip Danault          Dominik Simon            55     1   2  2  
 2 Erik Haula               Nikolaj Ehlers           45     1   2  2  

Penalty Kill 4 Players Defense
   Defense                  Defense                  Time % Phy DF OF 
 1 Ben Chiarot              Seth Jones               55     1   2  2  
 2 Jakob Chychrun           Ryan Pulock              45     1   2  2  

Penalty Kill - 3 Players Forward 
   Forward                                           Time % Phy DF OF 
 1 Phillip Danault                                   55     1   2  2  
 2 Erik Haula                                        45     1   2  2  

Penalty Kill - 3 Players Defense
   Defense                  Defense                  Time % Phy DF OF 
 1 Ben Chiarot              Seth Jones               55     1   2  2  
 2 Jordie Benn              Robert Bortuzzo          45     1   2  2  

4 vs 4 Forward 
   Center                   Wing                     Time % Phy DF OF 
 1 Connor McDavid           Phillip Danault          50     1   2  2  
 2 Joshua Norris            Nathan MacKinnon         50     1   2  2  

4 vs 4 Defense
   Defense                  Defense                  Time % Phy DF OF 
 1 Seth Jones               Ben Chiarot              55     1   2  2  
 2 Robert Bortuzzo          Jordie Benn              45     1   2  2  

Last Minutes Offensive
   Center                   Left Wing                Right Wing               Defense                  Defense                  
   Nathan MacKinnon         Connor McDavid           Chris Kreider            Seth Jones               Ben Chiarot              

Last Minutes Defensive
   Center                   Left Wing                Right Wing               Defense                  Defense                  
   Nathan MacKinnon         Connor McDavid           Chris Kreider            Seth Jones               Ben Chiarot              

Goaltenders
Starting : Darcy Kuemper            
Backup : Brian Elliott            

Extra Forwards
Normal : Nikolaj Ehlers, Nathan MacKinnon, Connor McDavid - PP : Chris Kreider, Jonathan Audy-Marchessault - PK : Nikolaj Ehlers
Extra Defensemen
Normal : Ben Chiarot, Seth Jones, Ryan Pulock - PP : Ben Chiarot - PK : Jakob Chychrun, Seth Jones
Penalty Shots
Connor McDavid, Nathan MacKinnon, Chris Kreider, Jonathan Audy-Marchessault, Joshua Norris
Custom OT Lines Forwards
Andrew Ladd, Dominik Simon, Nathan MacKinnon, Connor McDavid, Chris Kreider, Jonathan Audy-Marchessault, Nikolaj Ehlers, Phillip Danault, Joshua Norris, Erik Haula
Custom OT Lines Defensemen
Ben Chiarot, Seth Jones, Ryan Pulock, Jakob Chychrun, Robert Bortuzzo

Scratches
None

SAN DIEGO THUNDER

5 vs 5 Forward 
   Center                   Left Wing                Right Wing               Time % Phy DF OF 
 1 Mark Scheifele           Evander Kane             Drake Batherson          35     0   2  3  
 2 Logan Couture            David Perron             Ryan Hartman             32     0   2  3  
 3 Blake Coleman            Brandon Saad             Tyler Motte              28     0   2  3  
 4 Aliaksei Protas          Isac Lundestrom          Karson Kuhlman           5      0   4  1  

5 vs 5 Defense 
   Defense                  Defense                                           Time % Phy DF OF 
 1 Alexandre Carrier        Charles McAvoy                                    38     0   2  3  
 2 Erik Cernak              Connor Murphy                                     36     0   2  3  
 3 Derek Forbort            Radko Gudas                                       26     0   3  2  
 4 Radko Gudas              Erik Cernak                                       0      0   2  3  

PowerPlay Forward 
   Center                   Left Wing                Right Wing               Time % Phy DF OF 
 1 Mark Scheifele           David Perron             Ryan Hartman             55     0   0  5  
 2 Drake Batherson          Evander Kane             Brandon Saad             45     0   0  5  

PowerPlay Defense
   Defense                  Defense                                           Time % Phy DF OF 
 1 Connor Murphy            Charles McAvoy                                    55     0   1  4  
 2 Radko Gudas              Alexandre Carrier                                 45     0   1  4  

Penalty Kill 4 Players Forward 
   Center                   Wing                     Time % Phy DF OF 
 1 Blake Coleman            Brandon Saad             55     0   4  1  
 2 Ryan Hartman             Tyler Motte              45     0   4  1  

Penalty Kill 4 Players Defense
   Defense                  Defense                  Time % Phy DF OF 
 1 Radko Gudas              Connor Murphy            55     0   5  0  
 2 Charles McAvoy           Erik Cernak              45     0   5  0  

Penalty Kill - 3 Players Forward 
   Forward                                           Time % Phy DF OF 
 1 Blake Coleman                                     55     0   4  1  
 2 Tyler Motte                                       45     0   4  1  

Penalty Kill - 3 Players Defense
   Defense                  Defense                  Time % Phy DF OF 
 1 Charles McAvoy           Connor Murphy            55     0   4  1  
 2 Radko Gudas              Erik Cernak              45     0   4  1  

4 vs 4 Forward 
   Center                   Wing                     Time % Phy DF OF 
 1 Mark Scheifele           Logan Couture            55     0   2  3  
 2 David Perron             Evander Kane             45     0   2  3  

4 vs 4 Defense
   Defense                  Defense                  Time % Phy DF OF 
 1 Charles McAvoy           Radko Gudas              55     0   2  3  
 2 Connor Murphy            Erik Cernak              45     0   2  3  

Last Minutes Offensive
   Center                   Left Wing                Right Wing               Defense                  Defense                  
   Mark Scheifele           David Perron             Logan Couture            Charles McAvoy           Connor Murphy            

Last Minutes Defensive
   Center                   Left Wing                Right Wing               Defense                  Defense                  
   Mark Scheifele           Logan Couture            Ryan Hartman             Charles McAvoy           Connor Murphy            

Goaltenders
Starting : Connor Hellebuyck        
Backup : Thomas Greiss            

Extra Forwards
Normal : Mark Scheifele, David Perron, Evander Kane - PP : Mark Scheifele, David Perron - PK : Mark Scheifele
Extra Defensemen
Normal : Connor Murphy, Charles McAvoy, Erik Cernak - PP : Charles McAvoy - PK : Connor Murphy, Charles McAvoy
Penalty Shots
Mark Scheifele, David Perron, Evander Kane, Logan Couture, Brandon Saad
Custom OT Lines Forwards
Mark Scheifele, Ryan Hartman, David Perron, Drake Batherson, Brandon Saad, Evander Kane, Logan Couture, Blake Coleman, Isac Lundestrom, Tyler Motte
Custom OT Lines Defensemen
Charles McAvoy, Connor Murphy, Erik Cernak, Radko Gudas, Alexandre Carrier

Scratches
None


% Time on Ice - ANCHORAGE ACES

Lines # - Real PCT - Wanted PCT - Time Play
Normal Forward
1 - 36% - 36% - 13:38
2 - 29% - 31% - 10:56
3 - 19% - 23% - 7:05
4 - 15% - 10% - 5:44
Normal Defense
1 - 34% - 36% - 12:48
2 - 28% - 31% - 10:29
3 - 32% - 23% - 12:02
4 - 6% - 10% - 2:04
PP Forward
1 - 43% - 55% - 5:13
2 - 57% - 45% - 6:59
PP Defense
1 - 54% - 55% - 6:37
2 - 46% - 45% - 5:35
PK Forward
1 - 64% - 55% - 6:05
2 - 36% - 45% - 3:21
PK Defense
1 - 47% - 55% - 4:27
2 - 53% - 45% - 4:59
PK3 Forward
1 - 0% - 55%
2 - 0% - 45%
PK3 Defense
1 - 0% - 55%
2 - 0% - 45%
44 Forward
1 - 0% - 50%
2 - 0% - 50%
44 Defense
1 - 0% - 55%
2 - 0% - 45%
Last Minute Offensive  - 0:00
Last Minute Defensive  - 0:59
Total
Forward - 60:00
Defense - 60:00

% Time on Ice - SAN DIEGO THUNDER

Lines # - Real PCT - Wanted PCT - Time Play
Normal Forward
1 - 33% - 35% - 12:22
2 - 28% - 32% - 10:31
3 - 29% - 28% - 10:55
4 - 10% - 5% - 3:35
Normal Defense
1 - 37% - 38% - 13:40
2 - 36% - 36% - 13:20
3 - 27% - 26% - 10:14
4 - 0% - 0% - 0:09
PP Forward
1 - 58% - 55% - 5:26
2 - 42% - 45% - 4:00
PP Defense
1 - 44% - 55% - 4:10
2 - 56% - 45% - 5:16
PK Forward
1 - 60% - 55% - 6:17
2 - 40% - 45% - 4:14
PK Defense
1 - 48% - 55% - 5:04
2 - 52% - 45% - 5:27
PK3 Forward
1 - 50% - 55% - 0:51
2 - 50% - 45% - 0:50
PK3 Defense
1 - 16% - 55% - 0:16
2 - 84% - 45% - 1:25
44 Forward
1 - 0% - 55%
2 - 0% - 45%
44 Defense
1 - 0% - 55%
2 - 0% - 45%
Last Minute Offensive  - 0:59
Last Minute Defensive  - 0:00
Total
Forward - 60:00
Defense - 60:00

Play-by-Play

1st period


0:01 of 1st period - Mark Scheifele wins face-off versus Connor McDavid in neutral zone.
0:03 of 1st period - Off-side.
0:04 of 1st period - Joshua Norris wins face-off versus David Perron in neutral zone.
0:04 of 1st period - Jonathan Audy-Marchessault is hit by David Perron and loses puck.
0:57 of 1st period - Icing by Ryan Pulock.
0:58 of 1st period - Mark Scheifele wins face-off versus Joshua Norris in ANCHORAGE ACES zone.
1:27 of 1st period - Shot by Drake Batherson.
1:27 of 1st period - Stopped by Darcy Kuemper without a rebound.
1:28 of 1st period - Phillip Danault wins face-off versus Tyler Motte in ANCHORAGE ACES zone.
1:32 of 1st period - Icing by Conor Sheary.
1:33 of 1st period - Phillip Danault wins face-off versus Tyler Motte in ANCHORAGE ACES zone.
1:50 of 1st period - Nikolaj Ehlers is hit by Tyler Motte.
2:44 of 1st period - Brandon Saad is hit by Ben Chiarot and loses puck.
3:00 of 1st period - Off-side.
3:01 of 1st period - Mark Scheifele wins face-off versus Casey Cizikas in neutral zone.
3:31 of 1st period - Shot by Andrew Ladd.
3:31 of 1st period - Stopped by Connor Hellebuyck without a rebound.
3:32 of 1st period - Logan Couture wins face-off versus Connor McDavid in SAN DIEGO THUNDER zone.
3:43 of 1st period - Shot by Connor McDavid.
3:43 of 1st period - Shot Misses the Net.
3:45 of 1st period - Shot by Seth Jones.
3:45 of 1st period - Stopped by Connor Hellebuyck without a rebound.
3:46 of 1st period - Joshua Norris wins face-off versus Aliaksei Protas in SAN DIEGO THUNDER zone.
3:47 of 1st period - Shot by Chris Kreider.
3:47 of 1st period - Stopped by Connor Hellebuyck without a rebound.
3:48 of 1st period - Aliaksei Protas wins face-off versus Connor McDavid in SAN DIEGO THUNDER zone.
3:54 of 1st period - Off-side.
3:55 of 1st period - Mark Scheifele wins face-off versus Connor McDavid in neutral zone.
4:22 of 1st period - Drake Batherson is hit by Seth Jones and loses puck.
4:34 of 1st period - Shot by Evander Kane.
4:34 of 1st period - Shot Misses the Net.
4:38 of 1st period - Shot by Evander Kane.
4:38 of 1st period - Shot Misses the Net.
4:40 of 1st period - Shot by Radko Gudas.
4:40 of 1st period - Stopped by Darcy Kuemper without a rebound.
4:41 of 1st period - Logan Couture wins face-off versus Joshua Norris in ANCHORAGE ACES zone.
4:52 of 1st period - Shot by Jonathan Audy-Marchessault.
4:52 of 1st period - Shot Misses the Net.
5:28 of 1st period - Shot by Logan Couture.
5:28 of 1st period - Stopped by Darcy Kuemper without a rebound.
5:29 of 1st period - Aliaksei Protas wins face-off versus Phillip Danault in ANCHORAGE ACES zone.
5:58 of 1st period - Shot by Phillip Danault.
5:58 of 1st period - Stopped by Connor Hellebuyck with a rebound.
6:22 of 1st period - Shot by Blake Coleman.
6:22 of 1st period - Shot Misses the Net.
7:03 of 1st period - Icing by Ben Chiarot.
7:04 of 1st period - Phillip Danault wins face-off versus Mark Scheifele in ANCHORAGE ACES zone.
7:28 of 1st period - Drake Batherson is hit by Ben Chiarot and loses puck.
7:35 of 1st period - Shot by Mark Scheifele.
7:35 of 1st period - Stopped by Darcy Kuemper without a rebound.
7:36 of 1st period - Connor McDavid wins face-off versus Logan Couture in ANCHORAGE ACES zone.
8:07 of 1st period - Shot by Logan Couture.
8:07 of 1st period - Stopped by Darcy Kuemper without a rebound.
8:08 of 1st period - Mark Scheifele wins face-off versus Joshua Norris in ANCHORAGE ACES zone.
8:10 of 1st period - Evander Kane is hit by Jordie Benn.
8:12 of 1st period - Shot by Mark Scheifele.
8:12 of 1st period - Shot Misses the Net.
8:28 of 1st period - Shot by Jonathan Audy-Marchessault.
8:28 of 1st period - Shot Misses the Net.
8:45 of 1st period - Minor Penalty to Connor Murphy for Hooking.
8:46 of 1st period - Connor McDavid wins face-off versus Blake Coleman in SAN DIEGO THUNDER zone.
8:47 of 1st period - Shot by Nathan MacKinnon.
8:47 of 1st period - Shot Blocked by Charles McAvoy.
9:11 of 1st period - Shot by Nathan MacKinnon.
9:11 of 1st period - Stopped by Connor Hellebuyck without a rebound.
9:12 of 1st period - Joshua Norris wins face-off versus Blake Coleman in SAN DIEGO THUNDER zone.
9:39 of 1st period - Ryan Hartman is hit by Jonathan Audy-Marchessault and loses puck.
10:44 of 1st period - Icing by Ryan Pulock.
10:45 of 1st period - Logan Couture wins face-off versus Andrew Ladd in ANCHORAGE ACES zone.
11:43 of 1st period - Shot by Nathan MacKinnon.
11:43 of 1st period - Goal by Nathan MacKinnon - ANCHORAGE ACES : 1 - SAN DIEGO THUNDER : 0.
11:44 of 1st period - Joshua Norris wins face-off versus Mark Scheifele in neutral zone.
11:49 of 1st period - Shot by Chris Kreider.
11:49 of 1st period - Shot Misses the Net.
11:51 of 1st period - Shot by Chris Kreider.
11:51 of 1st period - Deflect By Joshua Norris.
11:51 of 1st period - Shot Misses the Net.
12:20 of 1st period - Chris Kreider is hit by Charles McAvoy and loses puck.
12:28 of 1st period - Chris Kreider is hit by Alexandre Carrier and loses puck.
12:41 of 1st period - Off-side.
12:42 of 1st period - Blake Coleman wins face-off versus Connor McDavid in neutral zone.
13:02 of 1st period - Icing by Radko Gudas.
13:03 of 1st period - Casey Cizikas wins face-off versus Blake Coleman in SAN DIEGO THUNDER zone.
13:52 of 1st period - Shot by Connor McDavid.
13:52 of 1st period - Stopped by Connor Hellebuyck without a rebound.
13:53 of 1st period - Logan Couture wins face-off versus Connor McDavid in SAN DIEGO THUNDER zone.
14:04 of 1st period - Shot by David Perron.
14:04 of 1st period - Stopped by Darcy Kuemper without a rebound.
14:05 of 1st period - Joshua Norris wins face-off versus Mark Scheifele in ANCHORAGE ACES zone.
14:10 of 1st period - Shot by Chris Kreider.
14:10 of 1st period - Stopped by Connor Hellebuyck without a rebound.
14:11 of 1st period - Logan Couture wins face-off versus Connor McDavid in SAN DIEGO THUNDER zone.
14:24 of 1st period - Shot by Nathan MacKinnon.
14:24 of 1st period - Stopped by Connor Hellebuyck without a rebound.
14:25 of 1st period - Joshua Norris wins face-off versus Mark Scheifele in SAN DIEGO THUNDER zone.
14:45 of 1st period - Icing by Evander Kane.
14:46 of 1st period - Mark Scheifele wins face-off versus Connor McDavid in SAN DIEGO THUNDER zone.
14:48 of 1st period - Icing by Drake Batherson.
14:49 of 1st period - Mark Scheifele wins face-off versus Connor McDavid in SAN DIEGO THUNDER zone.
15:13 of 1st period - Shot by Connor McDavid.
15:13 of 1st period - Shot Blocked by Connor Murphy.
15:15 of 1st period - Shot by Nathan MacKinnon.
15:15 of 1st period - Shot Misses the Net.
15:17 of 1st period - Shot by Ben Chiarot.
15:17 of 1st period - Stopped by Connor Hellebuyck without a rebound.
15:18 of 1st period - Logan Couture wins face-off versus Joshua Norris in SAN DIEGO THUNDER zone.
15:39 of 1st period - Shot by Joshua Norris.
15:39 of 1st period - Shot Blocked by Charles McAvoy.
15:41 of 1st period - Shot by Jonathan Audy-Marchessault.
15:41 of 1st period - Goal by Jonathan Audy-Marchessault - ANCHORAGE ACES : 2 - SAN DIEGO THUNDER : 0.
15:42 of 1st period - Blake Coleman wins face-off versus Connor McDavid in neutral zone.
15:53 of 1st period - Seth Jones is hit by Radko Gudas and loses puck.
17:05 of 1st period - Ryan Hartman is hit by Jakob Chychrun and loses puck.
17:56 of 1st period - Shot by Mark Scheifele.
17:56 of 1st period - Shot Blocked by Nikolaj Ehlers.
17:58 of 1st period - Shot by Evander Kane.
17:58 of 1st period - Stopped by Darcy Kuemper without a rebound.
17:59 of 1st period - Phillip Danault wins face-off versus Aliaksei Protas in ANCHORAGE ACES zone.
18:25 of 1st period - Shot by Nikolaj Ehlers.
18:25 of 1st period - Stopped by Connor Hellebuyck without a rebound.
18:26 of 1st period - Casey Cizikas wins face-off versus Blake Coleman in SAN DIEGO THUNDER zone.
19:06 of 1st period - Blake Coleman is hit by Seth Jones and loses puck.
19:52 of 1st period - Shot by Ryan Hartman.
19:52 of 1st period - Goal by Ryan Hartman - ANCHORAGE ACES : 2 - SAN DIEGO THUNDER : 1.
19:53 of 1st period - Mark Scheifele wins face-off versus Joshua Norris in neutral zone.
19:58 of 1st period - Shot by Jonathan Audy-Marchessault.
19:58 of 1st period - Stopped by Connor Hellebuyck with a rebound.
Goals for this period are 2 for ANCHORAGE ACES vs 1 for SAN DIEGO THUNDER.
Shots for this period are 13 for ANCHORAGE ACES vs 8 for SAN DIEGO THUNDER.

2nd period


0:01 of 2nd period - Connor McDavid wins face-off versus Mark Scheifele in neutral zone.
1:13 of 2nd period - Double Minor Penalty to Chris Kreider for High sticking.
1:14 of 2nd period - Aliaksei Protas wins face-off versus Phillip Danault in ANCHORAGE ACES zone.
1:36 of 2nd period - Icing by Connor Murphy.
1:37 of 2nd period - Aliaksei Protas wins face-off versus Phillip Danault in SAN DIEGO THUNDER zone.
1:56 of 2nd period - Shot by Ryan Hartman.
1:56 of 2nd period - Shot Misses the Net.
2:02 of 2nd period - Shot by David Perron.
2:02 of 2nd period - Deflect By Ryan Hartman.
2:02 of 2nd period - Shot Misses the Net.
3:26 of 2nd period - Off-side.
3:27 of 2nd period - Drake Batherson wins face-off versus Phillip Danault in neutral zone.
4:10 of 2nd period - Shot by Phillip Danault.
4:10 of 2nd period - Shot Misses the Net.
5:16 of 2nd period - Shot by Isac Lundestrom.
5:16 of 2nd period - Shot Misses the Net.
5:32 of 2nd period - Shot by Joshua Norris.
5:32 of 2nd period - Shot Misses the Net.
5:34 of 2nd period - Shot by Chris Kreider.
5:34 of 2nd period - Goal by Chris Kreider - ANCHORAGE ACES : 3 - SAN DIEGO THUNDER : 1.
5:34 of 2nd period - Thomas Greiss enters game.
5:35 of 2nd period - Connor McDavid wins face-off versus Blake Coleman in neutral zone.
5:43 of 2nd period - Minor Penalty to Tyler Motte for Hooking.
5:44 of 2nd period - Connor McDavid wins face-off versus Blake Coleman in SAN DIEGO THUNDER zone.
5:44 of 2nd period - Nathan MacKinnon is hit by Erik Cernak and loses puck.
6:01 of 2nd period - Shot by Seth Jones.
6:01 of 2nd period - Stopped by Thomas Greiss without a rebound.
6:02 of 2nd period - Ryan Hartman wins face-off versus Joshua Norris in SAN DIEGO THUNDER zone.
6:15 of 2nd period - Icing by Jonathan Audy-Marchessault.
6:16 of 2nd period - Joshua Norris wins face-off versus Blake Coleman in ANCHORAGE ACES zone.
7:26 of 2nd period - Chris Kreider is hit by Radko Gudas and loses puck.
7:57 of 2nd period - Andrew Ladd is hit by Alexandre Carrier and loses puck.
8:10 of 2nd period - Shot by Casey Cizikas.
8:10 of 2nd period - Shot Blocked by Alexandre Carrier.
8:12 of 2nd period - Shot by Jordie Benn.
8:12 of 2nd period - Stopped by Thomas Greiss without a rebound.
8:13 of 2nd period - Phillip Danault wins face-off versus Blake Coleman in SAN DIEGO THUNDER zone.
8:30 of 2nd period - Shot by Blake Coleman.
8:30 of 2nd period - Shot Misses the Net.
8:35 of 2nd period - Off-side.
8:36 of 2nd period - Logan Couture wins face-off versus Connor McDavid in neutral zone.
8:44 of 2nd period - Logan Couture is hit by Seth Jones and loses puck.
8:50 of 2nd period - Icing by Seth Jones.
8:51 of 2nd period - Mark Scheifele wins face-off versus Connor McDavid in ANCHORAGE ACES zone.
8:53 of 2nd period - Evander Kane is hit by Seth Jones and loses puck.
9:09 of 2nd period - Minor Penalty to Radko Gudas for Holding.
9:10 of 2nd period - Joshua Norris wins face-off versus Blake Coleman in SAN DIEGO THUNDER zone.
9:26 of 2nd period - Jonathan Audy-Marchessault is hit by Charles McAvoy and loses puck.
9:27 of 2nd period - Minor Penalty to Erik Cernak for Slashing.
9:28 of 2nd period - Connor McDavid wins face-off versus Blake Coleman in SAN DIEGO THUNDER zone.
10:48 of 2nd period - Shot by Jonathan Audy-Marchessault.
10:48 of 2nd period - Stopped by Thomas Greiss without a rebound.
10:49 of 2nd period - Joshua Norris wins face-off versus Blake Coleman in SAN DIEGO THUNDER zone.
11:04 of 2nd period - Shot by Joshua Norris.
11:04 of 2nd period - Shot Misses the Net.
11:06 of 2nd period - Shot by Joshua Norris.
11:06 of 2nd period - Shot Misses the Net.
11:35 of 2nd period - Minor Penalty to Jordie Benn for High sticking.
11:36 of 2nd period - Mark Scheifele wins face-off versus Phillip Danault in ANCHORAGE ACES zone.
12:18 of 2nd period - Off-side.
12:19 of 2nd period - Erik Haula wins face-off versus Evander Kane in neutral zone.
13:04 of 2nd period - Off-side.
13:05 of 2nd period - Phillip Danault wins face-off versus Mark Scheifele in neutral zone.
13:13 of 2nd period - Icing by Ryan Hartman.
13:14 of 2nd period - Mark Scheifele wins face-off versus Erik Haula in SAN DIEGO THUNDER zone.
13:43 of 2nd period - Icing by Chris Kreider.
13:44 of 2nd period - Joshua Norris wins face-off versus Blake Coleman in ANCHORAGE ACES zone.
13:48 of 2nd period - Off-side.
13:49 of 2nd period - Connor McDavid wins face-off versus Logan Couture in neutral zone.
14:05 of 2nd period - David Perron is hit by Jakob Chychrun and loses puck.
14:31 of 2nd period - Shot by David Perron.
14:31 of 2nd period - Shot Misses the Net.
14:45 of 2nd period - Shot by Drake Batherson.
14:45 of 2nd period - Deflect By Mark Scheifele.
14:45 of 2nd period - Shot Misses the Net.
15:08 of 2nd period - Shot by Mark Scheifele.
15:08 of 2nd period - Stopped by Darcy Kuemper without a rebound.
15:09 of 2nd period - Phillip Danault wins face-off versus Blake Coleman in ANCHORAGE ACES zone.
15:59 of 2nd period - Phillip Danault is hit by Tyler Motte and loses puck.
16:17 of 2nd period - Joshua Norris is hit by Charles McAvoy and loses puck.
16:55 of 2nd period - Minor Penalty to Robert Bortuzzo for Holding.
16:56 of 2nd period - Phillip Danault wins face-off versus Mark Scheifele in ANCHORAGE ACES zone.
18:28 of 2nd period - Icing by Charles McAvoy.
18:29 of 2nd period - Drake Batherson wins face-off versus Phillip Danault in SAN DIEGO THUNDER zone.
19:08 of 2nd period - Shot by Blake Coleman.
19:08 of 2nd period - Shot Misses the Net.
19:11 of 2nd period - Icing by Robert Bortuzzo.
19:12 of 2nd period - Logan Couture wins face-off versus Joshua Norris in ANCHORAGE ACES zone.
19:13 of 2nd period - Shot by David Perron.
19:13 of 2nd period - Shot Misses the Net.
19:15 of 2nd period - Shot by Erik Cernak.
19:15 of 2nd period - Stopped by Darcy Kuemper with a rebound.
19:17 of 2nd period - Shot by Ryan Hartman.
19:17 of 2nd period - Shot Blocked by Chris Kreider.
Goals for this period are 1 for ANCHORAGE ACES vs 0 for SAN DIEGO THUNDER.
Shots for this period are 4 for ANCHORAGE ACES vs 2 for SAN DIEGO THUNDER.

3rd period


0:01 of 3rd period - Mark Scheifele wins face-off versus Connor McDavid in neutral zone.
0:35 of 3rd period - Connor McDavid is hit by Erik Cernak and loses puck.
0:41 of 3rd period - Off-side.
0:42 of 3rd period - Logan Couture wins face-off versus Joshua Norris in neutral zone.
0:45 of 3rd period - Jonathan Audy-Marchessault is hit by Ryan Hartman and loses puck.
0:46 of 3rd period - Minor Penalty to David Perron for Roughing.
0:47 of 3rd period - Blake Coleman wins face-off versus Joshua Norris in SAN DIEGO THUNDER zone.
2:11 of 3rd period - Off-side.
2:12 of 3rd period - Joshua Norris wins face-off versus Blake Coleman in neutral zone.
2:21 of 3rd period - Shot by Joshua Norris.
2:21 of 3rd period - Shot Misses the Net.
2:23 of 3rd period - Shot by Jonathan Audy-Marchessault.
2:23 of 3rd period - Shot Misses the Net.
2:25 of 3rd period - Shot by Nikolaj Ehlers.
2:25 of 3rd period - Shot Misses the Net.
2:27 of 3rd period - Shot by Ryan Pulock.
2:27 of 3rd period - Stopped by Thomas Greiss with a rebound.
2:29 of 3rd period - Shot by Nikolaj Ehlers.
2:29 of 3rd period - Stopped by Thomas Greiss with a rebound.
2:41 of 3rd period - Shot by Joshua Norris.
2:41 of 3rd period - Shot Misses the Net.
2:54 of 3rd period - Icing by Jordie Benn.
2:55 of 3rd period - Casey Cizikas wins face-off versus Mark Scheifele in ANCHORAGE ACES zone.
2:55 of 3rd period - Casey Cizikas is hit by Drake Batherson.
3:01 of 3rd period - Drake Batherson is hit by Dominik Simon.
3:02 of 3rd period - Icing by Drake Batherson.
3:03 of 3rd period - Mark Scheifele wins face-off versus Connor McDavid in SAN DIEGO THUNDER zone.
3:28 of 3rd period - Shot by Mark Scheifele.
3:28 of 3rd period - Shot Misses the Net.
4:40 of 3rd period - Ryan Hartman is hit by Ben Chiarot and loses puck.
4:48 of 3rd period - Icing by Ben Chiarot.
4:49 of 3rd period - Joshua Norris wins face-off versus Blake Coleman in ANCHORAGE ACES zone.
4:58 of 3rd period - Shot by Joshua Norris.
4:58 of 3rd period - Stopped by Thomas Greiss with a rebound.
5:00 of 3rd period - Shot by Chris Kreider.
5:00 of 3rd period - Shot Misses the Net.
5:28 of 3rd period - Shot by Chris Kreider.
5:28 of 3rd period - Stopped by Thomas Greiss with a rebound.
5:37 of 3rd period - Brandon Saad is hit by Jakob Chychrun and loses puck.
5:50 of 3rd period - Shot by Nikolaj Ehlers.
5:50 of 3rd period - Shot Blocked by Blake Coleman.
6:13 of 3rd period - Shot by Conor Sheary.
6:13 of 3rd period - Stopped by Thomas Greiss without a rebound.
6:14 of 3rd period - Mark Scheifele wins face-off versus Casey Cizikas in SAN DIEGO THUNDER zone.
6:14 of 3rd period - Mark Scheifele is hit by Dominik Simon.
6:23 of 3rd period - Icing by Casey Cizikas.
6:24 of 3rd period - Logan Couture wins face-off versus Casey Cizikas in ANCHORAGE ACES zone.
6:32 of 3rd period - Icing by Seth Jones.
6:33 of 3rd period - Casey Cizikas wins face-off versus Mark Scheifele in ANCHORAGE ACES zone.
6:40 of 3rd period - Shot by Casey Cizikas.
6:40 of 3rd period - Shot Misses the Net.
6:41 of 3rd period - Minor Penalty to Dominik Simon for Tripping.
6:42 of 3rd period - Mark Scheifele wins face-off versus Phillip Danault in ANCHORAGE ACES zone.
8:10 of 3rd period - Shot by Evander Kane.
8:10 of 3rd period - Goal by Evander Kane - ANCHORAGE ACES : 3 - SAN DIEGO THUNDER : 2.
8:11 of 3rd period - Connor McDavid wins face-off versus Karson Kuhlman in neutral zone.
8:41 of 3rd period - Icing by Connor McDavid.
8:42 of 3rd period - Connor McDavid wins face-off versus Blake Coleman in ANCHORAGE ACES zone.
8:44 of 3rd period - Minor Penalty to Tyler Motte for Roughing.
8:45 of 3rd period - Joshua Norris wins face-off versus Blake Coleman in SAN DIEGO THUNDER zone.
9:34 of 3rd period - Shot by Joshua Norris.
9:34 of 3rd period - Shot Misses the Net.
9:52 of 3rd period - Shot by Connor McDavid.
9:52 of 3rd period - Stopped by Thomas Greiss without a rebound.
9:53 of 3rd period - Connor McDavid wins face-off versus Blake Coleman in SAN DIEGO THUNDER zone.
9:56 of 3rd period - Shot by Chris Kreider.
9:56 of 3rd period - Stopped by Thomas Greiss without a rebound.
9:57 of 3rd period - Nathan MacKinnon wins face-off versus Blake Coleman in SAN DIEGO THUNDER zone.
10:04 of 3rd period - Shot by Connor McDavid.
10:04 of 3rd period - Stopped by Thomas Greiss without a rebound.
10:05 of 3rd period - Nathan MacKinnon wins face-off versus Blake Coleman in SAN DIEGO THUNDER zone.
10:26 of 3rd period - Shot by Nathan MacKinnon.
10:26 of 3rd period - Deflect By Connor McDavid.
10:26 of 3rd period - Stopped by Thomas Greiss without a rebound.
10:27 of 3rd period - Mark Scheifele wins face-off versus Joshua Norris in SAN DIEGO THUNDER zone.
10:41 of 3rd period - Nikolaj Ehlers is hit by Erik Cernak and loses puck.
10:54 of 3rd period - Shot by Aliaksei Protas.
10:54 of 3rd period - Shot Misses the Net.
11:02 of 3rd period - Isac Lundestrom is hit by Erik Haula and loses puck.
11:24 of 3rd period - Off-side.
11:25 of 3rd period - Joshua Norris wins face-off versus Mark Scheifele in neutral zone.
11:27 of 3rd period - Jonathan Audy-Marchessault is hit by Alexandre Carrier and loses puck.
11:46 of 3rd period - Shot by Evander Kane.
11:46 of 3rd period - Shot Misses the Net.
12:02 of 3rd period - Shot by Drake Batherson.
12:02 of 3rd period - Stopped by Darcy Kuemper with a rebound.
12:06 of 3rd period - Shot by Evander Kane.
12:06 of 3rd period - Stopped by Darcy Kuemper with a rebound.
12:12 of 3rd period - Shot by Mark Scheifele.
12:12 of 3rd period - Shot Blocked by Ryan Pulock.
12:27 of 3rd period - Ryan Hartman is hit by Joshua Norris and loses puck.
12:32 of 3rd period - Ryan Pulock is hit by David Perron and loses puck.
13:25 of 3rd period - Shot by Blake Coleman.
13:25 of 3rd period - Shot Misses the Net.
13:37 of 3rd period - Shot by Nathan MacKinnon.
13:37 of 3rd period - Deflect By Connor McDavid.
13:37 of 3rd period - Shot Misses the Net.
14:07 of 3rd period - Shot by Conor Sheary.
14:07 of 3rd period - Deflect By Nikolaj Ehlers.
14:07 of 3rd period - Stopped by Thomas Greiss with a rebound.
14:09 of 3rd period - Shot by Phillip Danault.
14:09 of 3rd period - Shot Misses the Net.
14:11 of 3rd period - Shot by Phillip Danault.
14:11 of 3rd period - Deflect By Nikolaj Ehlers.
14:11 of 3rd period - Stopped by Thomas Greiss without a rebound.
14:12 of 3rd period - Casey Cizikas wins face-off versus Evander Kane in SAN DIEGO THUNDER zone.
14:27 of 3rd period - Shot by Andrew Ladd.
14:27 of 3rd period - Shot Blocked by Charles McAvoy.
14:53 of 3rd period - Shot by Mark Scheifele.
14:53 of 3rd period - Stopped by Darcy Kuemper without a rebound.
14:54 of 3rd period - Logan Couture wins face-off versus Phillip Danault in ANCHORAGE ACES zone.
15:30 of 3rd period - Icing by Seth Jones.
15:31 of 3rd period - Phillip Danault wins face-off versus Blake Coleman in ANCHORAGE ACES zone.
15:38 of 3rd period - Radko Gudas is hit by Conor Sheary and loses puck.
15:44 of 3rd period - Icing by Derek Forbort.
15:45 of 3rd period - Connor McDavid wins face-off versus Blake Coleman in SAN DIEGO THUNDER zone.
16:22 of 3rd period - Shot by Blake Coleman.
16:22 of 3rd period - Shot Hit the Post.
16:33 of 3rd period - Minor Penalty to Charles McAvoy for Interference.
16:34 of 3rd period - Joshua Norris wins face-off versus Ryan Hartman in SAN DIEGO THUNDER zone.
16:43 of 3rd period - Shot by Joshua Norris.
16:43 of 3rd period - Shot Misses the Net.
16:45 of 3rd period - Shot by Nikolaj Ehlers.
16:45 of 3rd period - Shot Misses the Net.
17:09 of 3rd period - Shot by Joshua Norris.
17:09 of 3rd period - Shot Misses the Net.
17:16 of 3rd period - Shot by Nikolaj Ehlers.
17:16 of 3rd period - Stopped by Thomas Greiss without a rebound.
17:17 of 3rd period - Blake Coleman wins face-off versus Connor McDavid in SAN DIEGO THUNDER zone.
18:33 of 3rd period - Nikolaj Ehlers is hit by Alexandre Carrier and loses puck.
18:44 of 3rd period - SAN DIEGO THUNDER, Thomas Greiss is pulled from the net.
18:46 of 3rd period - Shot by Mark Scheifele.
18:46 of 3rd period - Shot Blocked by Jordie Benn.
18:48 of 3rd period - Shot by Evander Kane.
18:48 of 3rd period - Stopped by Darcy Kuemper with a rebound.
18:50 of 3rd period - Shot by Mark Scheifele.
18:50 of 3rd period - Shot Misses the Net.
19:00 of 3rd period - Shot by Mark Scheifele.
19:00 of 3rd period - Stopped by Darcy Kuemper without a rebound.
19:01 of 3rd period - Mark Scheifele wins face-off versus Nathan MacKinnon in ANCHORAGE ACES zone.
19:02 of 3rd period - Shot by David Perron.
19:02 of 3rd period - Stopped by Darcy Kuemper without a rebound.
19:03 of 3rd period - Mark Scheifele wins face-off versus Nathan MacKinnon in ANCHORAGE ACES zone.
19:50 of 3rd period - Icing by Charles McAvoy.
19:51 of 3rd period - Thomas Greiss from SAN DIEGO THUNDER was sent back in the game.
19:51 of 3rd period - Logan Couture wins face-off versus Nathan MacKinnon in SAN DIEGO THUNDER zone.
19:56 of 3rd period - Connor McDavid is hit by Mark Scheifele and loses puck.
Goals for this period are 0 for ANCHORAGE ACES vs 1 for SAN DIEGO THUNDER.
Shots for this period are 12 for ANCHORAGE ACES vs 7 for SAN DIEGO THUNDER.


SEBASTIAN
AHO
MARK
SCHEIFELE
JAKE
OETTINGER

EAST COAST

HOCKEY LEAGUE

  • 17.QUE3CHI2
  • 18.CHA2LIM4
  • 19.TRV3LON2
  • 20.CHW1BAL2
  • 21.PITMAN
  • 22.ATLNHW
  • 23.WORPET
  • 24.RHI